 Dungeon Crawl Stone Soup version 0.27-a0-1188-g73eefd5def (webtiles) character file.

Game seed: 8844969302419883867

68 vulsuck the Skirmisher (level 4, 0/41 HPs)
             Began as a Hill Orc Abyssal Knight on May 22, 2021.
             Was a Believer of Lugonu.
             Slain by a scorpion (2 damage)
             ... on level 4 of the Dungeon.
             The game lasted 00:05:18 (2421 turns).

vulsuck the Skirmisher (Hill Orc Abyssal Knight)    Turns: 2421, Time: 00:05:19

Health: 0/41       AC:  8    Str: 14    XL:     4   Next: 19%
Magic:  3/6        EV:  6    Int: 13    God:    Lugonu [**....]
Gold:   150        SH:  0    Dex: 10    Spells: 3/3 levels left

rFire    . . .     SeeInvis .   a - +1 hand axe
rCold    . . .     Faith    .   (no shield)
rNeg     . . .     Spirit   .   c - +0 chain mail
rPois    .         Reflect  .   (no helmet)
rElec    .         Harm     .   (no cloak)
rCorr    .         Rampage  .   (no gloves)
Will     .....                  (no boots)
Stlth    ..........             (no amulet)
HPRegen  0.13/turn              (no ring)
MPRegen  0.10/turn              (no ring)

@: hasted, very quick
A: no striking features
a: Renounce Religion, Depart the Abyss, Bend Space


You were on level 4 of the Dungeon.
You worshipped Lugonu.
Lugonu was pleased with you.
You visited 1 branch of the dungeon, and saw 4 of its levels.
You visited the Abyss 1 time.

You collected 150 gold pieces.

Inventory:

Hand Weapons
 a - a +1 hand axe (weapon)
Armour
 c - a +0 chain mail (worn)
Scrolls
 b - a scroll of teleportation {unknown}
 d - a scroll of identify {unknown}
 f - a scroll of immolation {unknown}
 i - a scroll of silence {unknown}
 j - a scroll of enchant weapon {unknown}
 l - a scroll of brand weapon {unknown}
Potions
 h - a potion of flight {unknown}
 k - a potion of lignification {unknown}


   Skills:
 + Level 4.5 Fighting
 + Level 3.9 Axes
 - Level 2.1 Armour
 - Level 0.7 Dodging
 + Level 3.8 Invocations


You had 3 spell levels left.
You didn't know any spells.
Your spell library was empty.

Dungeon Overview and Level Annotations

Branches:
Dungeon (4/15)
 Temple: D:4-7

Altars:


Message History

Your chain mail prevents you from hitting the scorpion.
The scorpion is heavily wounded.
The scorpion stings you but does no damage.
You hit the scorpion.
The scorpion is severely wounded.
The scorpion stings you but does no damage.
The scorpion barely misses you.
You hit the scorpion.
The scorpion is severely wounded.
The scorpion stings you but does no damage.
You hit the scorpion but do no damage.
The scorpion is severely wounded.
The scorpion stings you.
* * * LOW HITPOINT WARNING * * *
You are lethally poisoned!
The scorpion poisons you!
You hit the scorpion.
The scorpion is almost dead.
* * * LOW HITPOINT WARNING * * *
You feel very sick. The scorpion stings you.
* * * LOW HITPOINT WARNING * * *
You are more poisoned.
The scorpion poisons you! The scorpion completely misses you.
You feel better.
The scorpion stings you but does no damage.
The scorpion stings you.
* * * LOW HITPOINT WARNING * * *
Space bends around you!
You blink.
The scorpion stings you but does no damage.
The scorpion stings you.
* * * LOW HITPOINT WARNING * * *
There is a stone staircase leading up here.
Space bends around you!
You blink.
The scorpion barely misses you. Space bends around you!
You blink.
Space bends around you!
You blink.
You don't have enough health at the moment.
It was a potion of haste.
You feel yourself speed up. The scorpion stings you.
You die...

#......... #.........
.......... #.........
#.........
###.........
...#...........
........############
.........#..@......#
.............s.....#
.........#.........#
........##.ยง.......#
.......#####.#######
####### ###.# ###...#
#...### #.###


You could see a scorpion.

Vanquished Creatures
  3 adders
  A dart slug (D:2)
  5 bats
  An endoplasm (D:2)
  A goblin (D:3)
  3 hobgoblins
  13 jackals
  4 ball pythons
  2 kobolds (D:1)
  3 rats
36 creatures vanquished.

Notes
Turn   | Place    | Note
-------+----------+-------------------------------------------
     0 | Abyss:1  | vulsuck the Hill Orc Abyssal Knight began the quest for the
                  | Orb.
     0 | Abyss:1  | Reached XP level 1. HP: 19/19 MP: 2/2
     3 | Abyss:1  | Found a corrupted altar of Lugonu.
    15 | D:1      | Escaped the Abyss
   291 | D:1      | Reached XP level 2. HP: 27/27 MP: 4/4
   865 | D:2      | Found a faded altar of an unknown god.
   877 | D:2      | Reached skill level 4 in Fighting
  1045 | D:2      | Reached XP level 3. HP: 33/33 MP: 5/5
  1954 | D:3      | Reached XP level 4. HP: 37/41 MP: 6/6
  2186 | D:3      | Reached ** piety under Lugonu
  2385 | D:4      | Noticed a scorpion
  2421 | D:4      | Slain by a scorpion

Illustrated notes

Levels and vault maps discovered:
D:1:      dpeg_arrival_stonehenge_8_columns, layout_loops_ring,
          serial_bayou_ford_a
D:2:      layout_loops_ring, ebering_ecumenical_altar_sacrificial
D:3:      layout_rooms, kennysheep_generic_room_10
D:4:      layout_rooms

Skill      XL: |  1  2 |
---------------+-------+-----
Axes           | 3 |  3.9
Invocations    | 3 |  3.8
Fighting       | 4 |  4.5
Armour         | |  2.1
Dodging        | |  0.7

Action                   |  1- 3 |  4- 6 || total
-------------------------+-------+-------++-------
Melee: Hand axe          |   100 |    49 ||   149
Invok: Bend Space        |       |     4 ||     4
  Use: Potion            |       |     3 ||     3
Armor: Chain mail        |    66 |    42 ||   108
Dodge: Dodged            |    43 |    20 ||    63

Table legend: (Time is in decaauts)
 A = Elapsed time spent in this place.
 B = Non-inter-level travel time spent in this place.
 C = Inter-level travel time spent in this place.
 D = Time resting spent in this place.
 E = Time spent auto-exploring this place.
 F = Levels seen in this place.
 G = Mean time per level.
                   A        B        C        D        E       F      G
               +--------+--------+--------+--------+--------+-----+--------+
         Total |   2445 |   2379 |     66 |    110 |   1853 |   5 |  489.0 |
       Dungeon |   2430 |   2364 |     66 |    110 |   1840 |   4 |  607.5 |
         Abyss |     15 |     15 |      0 |      0 |     13 |   1 |   15.0 |
               +--------+--------+--------+--------+--------+-----+--------+

Top non-repeatable levels by time:
     D:2: 833 daAuts
     D:1: 823 daAuts
     D:3: 704 daAuts
     D:4: 69 daAuts
 Abyss:1: 15 daAuts
